 Dungeon Crawl Stone Soup version 0.17-a0-1642-gd4b747b (webtiles) character file.

622 Murumi the Skirmisher (level 7, -2/58 HPs)
             Began as a Formicid Fighter on Aug 8, 2015.
             Slain by maniek23's ghost (10 damage)
             ... on level 5 of the Dungeon.
             The game lasted 00:16:07 (4183 turns).

Murumi the Skirmisher (Formicid Fighter)            Turns: 4183, Time: 00:16:07

Health: -2/58      AC: 11    Str: 22    XL:     7   Next: 75%
Magic:  7/7        EV:  7    Int:  8    God:
Gold:   138        SH: 11    Dex: 10    Spells: 0 memorised, 6 levels left

rFire  . . .     SeeInvis +     d - +0 great sword
rCold  . . .     Clarity  .     l - +0 chain mail
rNeg   . . .     SustAt   .     c - +1 shield
rPois  +         Gourm    .     (helmet unavailable)
rElec  .         Spirit   .     (no cloak)
rCorr  .         Warding  .     q - +0 pair of gloves
rMut   .         Stasis   +     (no boots)
MR     .....                    (no amulet)
Stlth  ..........               t - ring of teleportation (curse)
                                i - ring of poison resistance

@: not resistant to hostile enchantments, extremely unstealthy
A: permanent stasis, dig shafts and tunnels, four strong arms, antennae 3
a: Dig, Shaft Self, Evoke Teleportation


You were on level 5 of the Dungeon.
You were not hungry.

You visited 1 branch of the dungeon, and saw 5 of its levels.

You collected 138 gold pieces.

Inventory:

Hand weapons
 d - a +0 great sword (weapon)
Missiles
 m - 25 bolts
 o - 14 bolts of frost
Armour
 c - a +1 shield (worn)
 l - a +0 chain mail (worn)
 q - a +0 pair of gloves (worn)
Jewellery
 i - a ring of poison resistance (left hand)
 t - a cursed ring of teleportation (right hand)
Scrolls
 b - 2 scrolls of fog
 h - 2 scrolls of amnesia
 j - a scroll of enchant armour
 r - a scroll of remove curse
Potions
 a - a potion of degeneration {unknown}
 g - a potion of flight
 k - a potion of heal wounds
 p - 4 potions of curing
 s - a potion of cancellation {unknown}
Comestibles
 e - 7 bread rations
 f - 2 fruits
 u - a meat ration


   Skills:
 - Level 6.0 Fighting
 + Level 2.4 Long Blades
 - Level 5.4 Armour
 - Level 3.1 Dodging
 - Level 5.0 Shields


You had 6 spell levels left.
You didn't know any spells.

Dungeon Overview and Level Annotations

Branches:
Dungeon (5/15)
 Temple: D:4-7

Altars:
Ashenzari
Okawaru
Qazlal

Annotations:
D:5 maniek23's ghost, experienced MiFi


Innate Abilities, Weirdness & Mutations

You are under a permanent stasis effect.
You can dig through walls and to a lower floor.
Your four strong arms can wield two-handed weapons with a shield.
You have a pair of large antennae on your head (SInv).


Message History

Maniek23's ghost hits you but does no damage.
You hit maniek23's ghost.
Maniek23's ghost is lightly damaged.
Maniek23's ghost hits you but does no damage.
You barely miss maniek23's ghost.
Maniek23's ghost is lightly damaged.
You block maniek23's ghost's attack.
Maniek23's ghost hits you but does no damage.
Your shield and chain mail prevent you from hitting maniek23's ghost.
Maniek23's ghost is lightly damaged.
Maniek23's ghost hits you!
* * * LOW HITPOINT WARNING * * *
You are too injured to fight recklessly!
You are too injured to fight recklessly!
You hit maniek23's ghost.
Maniek23's ghost is lightly damaged.
Maniek23's ghost hits you!
* * * LOW HITPOINT WARNING * * *
Maniek23's ghost hits you!
You die...

..# . { ###########
###### #.........#
#....#
#.#######.###.##.#
#..........##.#.###
#.####.###....#.#..
##.####.###....#.#.#
#.........#....#.#.#
#######@#.#....#.#.#
#W#.####.#.#.# #.#
#....#.#.# #.#
#.####.#.##### #.#
#.# #........ #.#
#.# #........ #.#
#.####........ #.#
#.............
#######.......


You could see maniek23's ghost.

Vanquished Creatures
  A sky beast (D:4)
  An ogre (D:4)
  A scorpion (D:1)
  A crimson imp (D:3)
  An orc priest (D:3)
  2 hounds
  Jessica (D:3)
  2 worker ants (D:4)
  An iguana (D:4)
  2 gnolls (D:1)
  5 adders
  2 oozes
  4 worms
  4 orcs (D:3)
  8 bats
  5 hobgoblins
  3 jackals (D:1)
  4 quokkas
  A ball python (D:2)
  7 giant cockroaches
  8 giant geckos
  7 giant newts
  7 goblins
  8 kobolds
  A quokka skeleton (D:4)
  9 rats
96 creatures vanquished.

Notes
Turn   | Place    | Note
--------------------------------------------------------------
     0 | D:1      | Murumi the Formicid Fighter began the quest for the Orb.
     0 | D:1      | Reached XP level 1. HP: 18/18 MP: 1/1
   192 | D:1      | Reached skill level 4 in Shields
   192 | D:1      | Reached XP level 2. HP: 24/24 MP: 2/2
   207 | D:1      | Reached skill level 1 in Dodging
   207 | D:1      | Reached XP level 3. HP: 27/29 MP: 3/3
   591 | D:1      | Reached skill level 5 in Shields
   792 | D:1      | Noticed a scorpion
   799 | D:1      | Killed a scorpion
   799 | D:1      | Reached XP level 4. HP: 27/35 MP: 4/4
  1021 | D:2      | Reached XP level 5. HP: 37/41 MP: 5/5
  2028 | D:3      | Reached XP level 6. HP: 26/49 MP: 6/6
  2328 | D:3      | Found a shattered altar of Ashenzari.
  2340 | D:3      | Noticed Jessica
  2345 | D:3      | Killed Jessica
  2639 | D:3      | Found an iron altar of Okawaru.
  2917 | D:4      | Reached skill level 5 in Fighting
  2917 | D:4      | Reached XP level 7. HP: 54/56 MP: 7/7
  3043 | D:4      | Reached skill level 6 in Fighting
  3278 | D:4      | Found a stormy altar of Qazlal.
  3872 | D:4      | Reached skill level 5 in Armour
  3933 | D:5      | Entered Level 5 of the Dungeon
  4170 | D:5      | Noticed maniek23's ghost (experienced MiFi)
  4183 | D:5      | Slain by maniek23's ghost

Vault maps used:
D:1:      wheals_arrival_linesprint
D:2:      first_bread
D:3:      ashenzari_altar_1, okawaru_trees_2, uniq_jessica
D:4:      kennysheep_mini, kennysheep_generic_room_5
D:5:      old_standard_altar, cheibrodos_worm_habitat, uniq_grinder

Action                   |  1- 3 |  4- 6 |  7- 9 || total
-------------------------+-------+-------+-------++-------
Melee: Long sword        |    71 |   151 |       ||   222
       Great sword       |       |    58 |    84 ||   142
 Abil: Dig               |       |     2 |       ||     2
  Use: Scroll            |     4 |     4 |     2 ||    10
       Potion            |     1 |       |       ||     1
  Eat: Chunk             |       |     7 |     3 ||    10
       Pizza             |       |       |     1 ||     1
